 Dungeon Crawl Stone Soup version 0.17-a0-157-g289cc6a (webtiles) character file.

28 BluebellGnoll the Sneak (level 2, 8/24 HPs)
             Began as a Spriggan Abyssal Knight on Mar 26, 2015.
             Was a Follower of Lugonu.
             Quit the game on level 2 of the Dungeon.
             The game lasted 00:07:12 (2744 turns).

BluebellGnoll the Sneak (Spriggan Abyssal Knight)   Turns: 2744, Time: 00:07:12

Health: 8/24       AC: 26    Str:  8    XL:     2   Next: 96%
Magic:  4/4        EV:  4    Int: 13    God:    Lugonu [*.....]
Gold:   120        SH:  0    Dex: 15    Spells: 0 memorised, 1 level left

rFire  + . .     SeeInvis +     e - +0 dagger (protect)
rCold  + . .     Clarity  .     (armour currently unavailable)
rNeg   + + +     SustAb   .     (shield restricted)
rPois  +         Gourm    .     (helmet currently unavailable)
rElec  +         Spirit   .     (cloak currently unavailable)
rCorr  +         Warding  .     (gloves unavailable)
rMut   .         NoTele   +     (boots unavailable)
MR     .....                    (no amulet)
Stlth  ++++......               (no ring)
                                (no ring)

@: tree-form, resistant, not resistant to hostile enchantments, stealthy
A: unfitting armour, see invisible, herbivore 3, (speed 0), slow metabolism 2
a: Depart the Abyss, Renounce Religion


You were on level 2 of the Dungeon.
You worshipped Lugonu.
Lugonu was aware of your devotion.
You were not hungry.
You were a tree.
You visited 1 branch of the dungeon, and saw 2 of its levels.
You visited the Abyss 1 time.

You collected 120 gold pieces.

Inventory:

Hand weapons
 a - a +1 short sword
 e - a +0 dagger of protection (weapon)
Missiles
 m - 14 poisoned needles
Armour
 b - a +0 robe (melded)
Scrolls
 d - a scroll of enchant armour {unknown}
 f - 2 scrolls of teleportation {unknown}
 g - a scroll of enchant weapon {unknown}
 i - a scroll of blinking {unknown}
 j - 2 scrolls of identify {unknown}
Potions
 k - a potion of restore abilities
Comestibles
 c - 3 bread rations


   Skills:
 - Level 2.4 Fighting
 - Level 2.1 Short Blades
 - Level 3.5 Dodging
 + Level 4.3 Stealth
 - Level 1.7 Invocations


You had one spell level left.
You didn't know any spells.

Dungeon Overview and Level Annotations

Branches:
Dungeon (2/15)

Altars:


Innate Abilities, Weirdness & Mutations

You are tiny and cannot use many weapons and most armour.
You have supernaturally acute eyesight.
You are a herbivore.
((You cover ground extremely quickly.))
You need consume almost no food.


Message History

You feel protected.
Drink which item? (? for menu, Esc to quit)
It was a potion of lignification.
You turn into a tree.
Your +0 robe melds into your body.
Your roots penetrate the ground.
The gnoll barely misses you.
You cannot move.
You cannot move.
You cannot move.
You cannot move.
The gnoll hits you but does no damage.
The gnoll hits you from afar with a spear.
The gnoll hits you but does no damage. The gnoll barely misses you.
The gnoll barely misses you. The gnoll hits you but does no damage.
The gnoll hits you but does no damage. The gnoll hits you but does no damage.
The gnoll hits you from afar with a spear.
The gnoll hits you but does no damage.
Are you sure you want to abandon this character and quit the game? (Confirm with "yes".)

#.<.r.....##.#...##.#######....##
'g........'......................
#.........##........#######....##
##.......######..#### #........#
##.....## ##.# #.#..###.# ##...##
#r# #.#.## #.# ##+## #g#
#.#.####.# #.# #........#
#########♣# ###.######
...........# #.# ###.###.### #.#
#.# #.# #.# #.# #.# #.###### #.#
#....... .<# ######## ###


You could see a gnoll and a rat.

Vanquished Creatures
  3 bats (D:2)
  2 giant cockroaches
  3 goblins
  7 hobgoblins
  3 kobolds
  3 giant newts
  A quokka (D:2)
  4 rats
26 creatures vanquished.

Notes
Turn   | Place    | Note
--------------------------------------------------------------
     0 | Abyss:1  | BluebellGnoll, the Spriggan Abyssal Knight, began the quest for the Orb.
     0 | Abyss:1  | Reached XP level 1. HP: 11/11 MP: 2/2
   125 | Abyss:1  | Noticed an ancient zyme
   139 | Abyss:1  | Noticed a large abomination
   169 | Abyss:1  | Noticed an ancient zyme
   176 | Abyss:1  | Noticed a demonic crawler
   191 | Abyss:1  | Noticed an ice beast
   219 | Abyss:1  | Noticed a small abomination
   232 | Abyss:1  | Noticed an ice beast
   264 | Abyss:1  | Noticed a worldbinder
   265 | Abyss:1  | Noticed a troll
   266 | Abyss:1  | Noticed a warg
   266 | Abyss:1  | Noticed a troll
   278 | Abyss:1  | Noticed an orc warrior
   278 | Abyss:1  | Noticed an orc warrior
   291 | Abyss:1  | Noticed a baby alligator
   337 | Abyss:1  | Noticed a fire bat
   344 | Abyss:1  | Noticed an ice beast
   368 | Abyss:1  | Noticed a lich
   371 | D:1      | Escaped the Abyss
   433 | D:1      | Reached skill level 1 in Stealth
  1169 | D:1      | Reached XP level 2. HP: 13/16 MP: 4/4
  1591 | D:1      | Acquired Lugonu's first power
  2005 | D:2      | Reached skill level 4 in Stealth
  2744 | D:2      | Quit the game

Action                   || total
-------------------------++-------
Melee: Short sword       ||    73
       Dagger            ||    20
Invok: Depart the Abyss  ||     1
  Use: Potion            ||     3
 Stab: Sleeping          ||     3
       Distracted        ||     1
